 Dungeon Sprint DCSS version 0.17.0-26-gececa24 (webtiles) character file.

15432 Kidiri the Unseen (level 12, -8/56 HPs)
             Began as a Spriggan Enchanter on Nov 19, 2015.
             Was the Champion of Dithmenos.
             Killed from afar by a greater naga (42 damage)
             ... with a bolt of poison
             ... in the Dungeon (Sprint III: "The Ten Rune Challenge").
             The game lasted 00:11:57 (2830 turns).

Kidiri the Unseen (Spriggan Enchanter)              Turns: 2830, Time: 00:11:57

Health: -8/56      AC:  5    Str:  4    XL:     12   Next: 1%
Magic:  10/31      EV: 34    Int: 20    God:    Dithmenos [******]
Gold:   20         SH:  0    Dex: 20    Spells: 5 memorised, 27 levels left

rFire  . . .     SeeInvis +     k - +0 short sword
rCold  . . .     Clarity  +     b - +1 robe
rNeg   . . .     SustAt   .     (shield restricted)
rPois  .         Gourm    .     (helmet restricted)
rElec  .         Spirit   .     (no cloak)
rCorr  .         Warding  .     (gloves unavailable)
rMut   .         NoTele   +     (boots unavailable)
MR     ++...                    (no amulet)
Stlth  ++++++++++               (no ring)
                                (no ring)

@: lethally poisoned (-8 -> -19), wreathed by umbra, very quick, very resistant
to hostile enchantments, uncannily stealthy
A: unfitting armour, yellow scales 1, see invisible, agile 1, clarity, herbivore
3, speed 3, frail 1, slow metabolism 2
a: Shadow Step, Shadow Form, Renounce Religion


You were in the Dungeon.
You worshipped Dithmenos.
Dithmenos was exalted by your worship.
You were not hungry.

You visited 1 branch You collected 20 gold pieces.

Inventory:

Hand Weapons
 a - a +1 dagger
 k - a +0 short sword (weapon)
Missiles
 v - 9 throwing nets (quivered)
Armour
 b - a +1 robe (worn)
Wands
 u - a wand of confusion (23)
Scrolls
 j - a scroll of blinking
 l - a scroll of immolation {unknown}
 m - a scroll of identify {unknown}
 n - a scroll of fear {unknown}
 r - a scroll of torment {unknown}
 s - a scroll of enchant weapon {unknown}
 t - a scroll of remove curse
Potions
 c - a potion of might
 e - a potion of curing
 f - 2 potions of heal wounds
 g - a potion of haste
 h - 2 potions of magic
 i - 2 potions of berserk rage
 p - 3 potions of cure mutation
 q - 4 potions of flight
Comestibles
 d - 2 bread rations
 o - 22 royal jellies
 w - 6 fruits


   Skills:
 + Level 7.0 Fighting
 * Level 12.8 Short Blades
 + Level 6.3 Armour
 * Level 16.2 Dodging
 * Level 17.8 Stealth
 * Level 14.1 Spellcasting
 + Level 6.5 Conjurations
 + Level 11.0 Hexes
 + Level 6.9 Ice Magic
 - Level 2.1 Invocations
 + Level 9.1 Evocations


You had 27 spell levels left.
You knew the following spells:

 Your Spells              Type           Power        Failure   Level  Hunger
a - Corona                Hex            ######.      1%          1    None
b - Ensorcelled Hibernat  Hex/Ice        ######       1%          2    None
c - Confuse               Hex            ######..     1%          3    None
d - Tukima's Dance        Hex            ######..     1%          3    None
e - Dazzling Spray        Conj/Hex       #####...     1%          3    None


Dungeon Overview and Level Annotations

Branches:
Dungeon (1/1)

Altars:
Cheibriados
Dithmenos
Elyvilon
Fedhas
Gozag
Kikubaaqudgha
Makhleb
Nemelex Xobeh
Okawaru
Qazlal
Ru
Sif Muna
Trog
Vehumet
Xom
Yredelemnul
Zin
The Shining One
Jiyva
Lugonu

Shops:
D ?(:


Innate Abilities, Weirdness & Mutations

You are tiny and cannot use many weapons and most armour.
You have supernaturally acute eyesight.
You are a herbivore.
You cover ground extremely quickly.
You need consume almost no food.
You are partially covered in yellow scales (AC +2).
You are agile. (Dex +2)
You possess an exceptional clarity of mind.
You are frail (-10% HP).


Message History

Press: ? - help, Shift-Dir - straight line, f/p - greater naga
Aim: a greater naga, wielding a halberd and wearing a robe (umbra)
The spray of energy hits the naga warrior.
The naga warrior is heavily wounded.
The naga warrior is dazzled.
Your shadow mimicks your spell!
The shadow shard misses the naga warrior.
The shadow shard hits the greater naga.
The naga warrior completely misses you. The naga warrior misses your war axe.
The greater naga gestures wildly while chanting.
The greater naga seems to speed up.
You completely miss the naga warrior.
The naga warrior is heavily wounded.
Your war axe barely misses the naga warrior.
The greater naga gestures at you while chanting.
The bolt of poison hits the naga warrior.
The bolt of poison hits you!
You are poisoned.
Ouch! That really hurt!
You die...

#.....%......#
###########..#
##...........#
#....%....%.##
#..##########
#....%......##
##..%........#
##########..#
#..NN@......#
#∩..)[(.....##
#∩.##########
#∩ #


You could see a naga warrior (blind), a greater naga and a friendly war axe.

Vanquished Creatures
  Maud (D)
  Erolcha (D)
  2 hydras (D)
  5 anacondas (D)
  A death drake (D)
  A lindwurm (D)
  A spriggan druid (D)
  2 black mambas (D)
  2 spiny frogs (D)
  A komodo dragon (D)
  A queen bee (D)
  3 wandering mushrooms (D)
  A deep elf priest (D)
  4 redbacks (D)
  A shadow (D)
  2 trapdoor spiders (D)
  2 spriggans (D)
  A hill giant (D)
  5 water moccasins (D)
  A spatial vortex (D)
  A naga (D)
  A necrophage (D)
  3 two-headed ogres (D)
  2 brain worms (D)
  A water elemental (D)
  32 killer bees (D)
  A scorpion (D)
  An electric eel (D)
  A wizard (D)
  A jelly (D)
  Jessica (D)
  A necromancer (D)
  3 humans (D)
  A kobold demonologist (D)
  3 adders (D)
  An ooze (D)
  2 rats (D)
94 creatures vanquished.

Vanquished Creatures (collateral kills)
  A hill giant (D)
  A naga (D)
2 creatures vanquished.

Vanquished Creatures (others)
  2 draconian scorchers (D)
  2 yaktaurs (D)
4 creatures vanquished.

Grand Total: 100 creatures vanquished

Notes
Turn   | Place    | Note
--------------------------------------------------------------
     0 | D        | Kidiri the Spriggan Enchanter began the quest for the Orb.
     0 | D        | Reached XP level 1. HP: 9/9 MP: 5/5
     4 | D        | Reached skill level 5 in Stealth
    11 | D        | Noticed Jessica
    14 | D        | Killed Jessica
    14 | D        | Reached skill level 1 in Fighting
    14 | D        | Reached skill level 6 in Stealth
    14 | D        | Reached XP level 2. HP: 12/14 MP: 5/7
    14 | D        | Reached XP level 3. HP: 15/18 MP: 6/9
    21 | D        | Learned a level 2 spell: Ensorcelled Hibernation
    25 | D        | Learned a level 3 spell: Confuse
    29 | D        | Learned a level 3 spell: Dazzling Spray
    81 | D        | Reached skill level 1 in Armour
    81 | D        | Reached skill level 5 in Dodging
   159 | D        | Killed a yaktaur
   162 | D        | Noticed a scorpion
   171 | D        | Killed a scorpion
   171 | D        | Reached skill level 7 in Stealth
   171 | D        | Reached skill level 1 in Ice Magic
   171 | D        | Reached XP level 4. HP: 23/23 MP: 3/11
   178 | D        | Learned a level 3 spell: Tukima's Dance
   195 | D        | Gained mutation: You are agile. (Dex +2) [potion of mutation]
   195 | D        | Gained mutation: You are frail (-10% HP). [potion of mutation]
   196 | D        | Gained mutation: You are partially covered in yellow scales (AC +2). [potion of mutation]
   196 | D        | Gained mutation: You possess an exceptional clarity of mind. [potion of mutation]
   247 | D        | Noticed a water elemental
   249 | D        | Killed a water elemental
   249 | D        | Reached skill level 8 in Stealth
   249 | D        | Reached skill level 5 in Spellcasting
   249 | D        | Reached skill level 1 in Conjurations
   249 | D        | Reached skill level 5 in Hexes
   249 | D        | Reached XP level 5. HP: 23/23 MP: 12/14
   258 | D        | Noticed a jelly
   259 | D        | Noticed a shadow
   261 | D        | Killed a shadow
   261 | D        | Reached skill level 5 in Short Blades
   261 | D        | Reached skill level 9 in Stealth
   261 | D        | Reached XP level 6. HP: 25/28 MP: 13/16
   263 | D        | Killed a jelly
   264 | D        | Killed a white draconian scorcher
   270 | D        | Killed a white draconian scorcher
   305 | D        | Found a stormy altar of Qazlal.
   306 | D        | Found a sacrificial altar of Ru.
   306 | D        | Found a burning altar of Makhleb.
   306 | D        | Found a viscous altar of Jiyva.
   306 | D        | Found a shimmering altar of Xom.
   306 | D        | Found a shadowy altar of Dithmenos.
   306 | D        | Found a sparkling altar of Nemelex Xobeh.
   306 | D        | Found a corrupted altar of Lugonu.
   306 | D        | Found an opulent altar of Gozag.
   306 | D        | Noticed a spatial vortex
   310 | D        | Became a worshipper of Dithmenos the Shadowed
   321 | D        | Killed a spatial vortex
   321 | D        | Reached skill level 10 in Stealth
   321 | D        | Reached skill level 1 in Invocations
   504 | D        | Found a radiant altar of Vehumet.
   505 | D        | Found a deep blue altar of Sif Muna.
   505 | D        | Found an ancient bone altar of Kikubaaqudgha.
   505 | D        | Noticed a wizard
   506 | D        | Killed a wizard
   508 | D        | Reached XP level 7. HP: 32/32 MP: 19/19
   531 | D        | Found a glowing silver altar of Zin.
   532 | D        | Found a glowing golden altar of the Shining One.
   532 | D        | Found a white marble altar of Elyvilon.
   532 | D        | Noticed a deep elf priest
   534 | D        | Killed a deep elf priest
   534 | D        | Reached * piety under Dithmenos
   534 | D        | Reached skill level 11 in Stealth
   548 | D        | Found an iron altar of Okawaru.
   549 | D        | Found a bloodstained altar of Trog.
   549 | D        | Noticed a human
   549 | D        | Noticed a human
   551 | D        | Killed a human
   552 | D        | Killed a human
   552 | D        | Reached skill level 10 in Dodging
   573 | D        | Found a snail-covered altar of Cheibriados.
   573 | D        | Noticed a necrophage
   574 | D        | Found a basalt altar of Yredelemnul.
   574 | D        | Found a blossoming altar of Fedhas.
   574 | D        | Noticed a necromancer
   575 | D        | Killed a necrophage
   575 | D        | Reached ** piety under Dithmenos
   575 | D        | Reached XP level 8. HP: 37/37 MP: 21/21
   576 | D        | Killed a necromancer
   638 | D        | Noticed a two-headed ogre
   638 | D        | Noticed a two-headed ogre
   642 | D        | Killed a two-headed ogre
   644 | D        | Killed a two-headed ogre
   644 | D        | Reached skill level 12 in Stealth
   644 | D        | Reached skill level 1 in Evocations
   647 | D        | Noticed a two-headed ogre
   648 | D        | Killed a two-headed ogre
   648 | D        | Reached *** piety under Dithmenos
   654 | D        | Noticed a hill giant
   669 | D        | Killed a hill giant
   677 | D        | Noticed a hill giant
   677 | D        | Noticed Erolcha
   679 | D        | Killed Erolcha
   679 | D        | Reached skill level 13 in Stealth
   679 | D        | Reached skill level 10 in Spellcasting
   679 | D        | Reached XP level 9. HP: 41/41 MP: 22/24
   681 | D        | Killed a hill giant
   769 | D        | Noticed a redback
   772 | D        | Noticed a trapdoor spider
   799 | D        | Killed a trapdoor spider
   949 | D        | Killed a redback
  1010 | D        | Noticed a trapdoor spider
  1025 | D        | Killed a trapdoor spider
  1025 | D        | Reached **** piety under Dithmenos
  1200 | D        | Noticed a killer bee
  1200 | D        | Noticed a killer bee
  1200 | D        | Noticed a killer bee
  1200 | D        | Noticed a killer bee
  1200 | D        | Noticed a killer bee
  1200 | D        | Noticed a killer bee
  1200 | D        | Noticed a killer bee
  1200 | D        | Noticed a killer bee
  1200 | D        | Noticed a killer bee
  1200 | D        | Noticed a killer bee
  1200 | D        | Noticed a killer bee
  1200 | D        | Noticed a queen bee
  1200 | D        | Noticed a killer bee
  1200 | D        | Noticed a killer bee
  1200 | D        | Noticed a killer bee
  1201 | D        | Noticed a killer bee
  1201 | D        | Noticed a killer bee
  1201 | D        | Noticed a killer bee
  1201 | D        | Noticed a killer bee
  1201 | D        | Noticed a killer bee
  1201 | D        | Noticed a killer bee
  1201 | D        | Noticed a killer bee
  1201 | D        | Noticed a killer bee
  1201 | D        | Noticed a killer bee
  1201 | D        | Noticed a killer bee
  1201 | D        | Noticed a killer bee
  1201 | D        | Noticed a killer bee
  1201 | D        | Noticed a killer bee
  1201 | D        | Noticed a killer bee
  1201 | D        | Noticed a killer bee
  1201 | D        | Noticed a killer bee
  1201 | D        | Noticed a killer bee
  1201 | D        | Noticed a killer bee
  1202 | D        | Killed a killer bee
  1204 | D        | Killed a killer bee
  1205 | D        | Killed a killer bee
  1208 | D        | Killed a killer bee
  1214 | D        | Killed a killer bee
  1214 | D        | Reached ***** piety under Dithmenos
  1216 | D        | Killed a killer bee
  1218 | D        | Killed a killer bee
  1218 | D        | Reached skill level 14 in Stealth
  1242 | D        | HP: 1/41 [killer bee (7)]
  1484 | D        | Killed a killer bee
  1487 | D        | Killed a killer bee
  1491 | D        | Killed a killer bee
  1499 | D        | Killed a killer bee
  1499 | D        | Reached skill level 5 in Fighting
  1503 | D        | Killed a killer bee
  1671 | D        | Killed a killer bee
  1674 | D        | Killed a killer bee
  1689 | D        | Killed a killer bee
  1691 | D        | Killed a killer bee
  1691 | D        | Reached skill level 5 in Evocations
  1693 | D        | Killed a killer bee
  1693 | D        | Reached ****** piety under Dithmenos
  1695 | D        | Killed a killer bee
  1697 | D        | Killed a killer bee
  1697 | D        | Reached skill level 10 in Short Blades
  1699 | D        | Killed a killer bee
  1701 | D        | Killed a killer bee
  1705 | D        | Killed a killer bee
  1988 | D        | Killed a killer bee
  1994 | D        | Killed a killer bee
  1997 | D        | Killed a killer bee
  1999 | D        | Killed a killer bee
  1999 | D        | Reached XP level 10. HP: 45/45 MP: 16/26
  2001 | D        | Killed a killer bee
  2003 | D        | Killed a killer bee
  2005 | D        | Killed a killer bee
  2016 | D        | Killed a queen bee
  2018 | D        | Killed a killer bee
  2018 | D        | Reached skill level 5 in Ice Magic
  2026 | D        | Killed a killer bee
  2037 | D        | Killed a killer bee
  2226 | D        | Noticed a wandering mushroom
  2227 | D        | Noticed a wandering mushroom
  2227 | D        | Noticed a wandering mushroom
  2228 | D        | Killed a wandering mushroom
  2230 | D        | Killed a wandering mushroom
  2230 | D        | Reached skill level 15 in Stealth
  2231 | D        | Killed a wandering mushroom
  2270 | D        | Noticed a spiny frog
  2270 | D        | Noticed a komodo dragon
  2270 | D        | Noticed a spiny frog
  2274 | D        | Killed a spiny frog
  2277 | D        | Killed a spiny frog
  2277 | D        | Reached skill level 5 in Conjurations
  2280 | D        | Killed a komodo dragon
  2280 | D        | Reached skill level 5 in Armour
  2458 | D        | Noticed a redback
  2460 | D        | Killed a redback
  2461 | D        | Noticed a brain worm
  2464 | D        | Killed a brain worm
  2467 | D        | Noticed a brain worm
  2469 | D        | Killed a brain worm
  2472 | D        | Noticed a lindwurm
  2474 | D        | Noticed a redback
  2475 | D        | Killed a lindwurm
  2477 | D        | Killed a redback
  2481 | D        | Noticed a redback
  2482 | D        | Killed a redback
  2483 | D        | Noticed Maud
  2486 | D        | Killed Maud
  2486 | D        | Reached skill level 16 in Stealth
  2486 | D        | Reached XP level 11. HP: 48/50 MP: 24/28
  2508 | D        | Noticed an electric eel
  2509 | D        | Noticed a five-headed hydra
  2509 | D        | Noticed a five-headed hydra
  2512 | D        | Killed an electric eel
  2514 | D        | Killed a five-headed hydra
  2514 | D        | Reached skill level 10 in Hexes
  2515 | D        | Killed a five-headed hydra
  2562 | D        | Noticed a death drake
  2565 | D        | Killed a death drake
  2565 | D        | Reached skill level 15 in Dodging
  2572 | D        | Found a blossoming altar of Fedhas.
  2572 | D        | Noticed a spriggan
  2572 | D        | Noticed a spriggan druid
  2572 | D        | Noticed a spriggan
  2574 | D        | Killed a spriggan druid
  2575 | D        | Killed a spriggan
  2576 | D        | Killed a spriggan
  2602 | D        | Noticed an anaconda
  2602 | D        | Noticed a water moccasin
  2602 | D        | Noticed an anaconda
  2602 | D        | Noticed a water moccasin
  2603 | D        | Noticed an anaconda
  2607 | D        | Killed an anaconda
  2607 | D        | Reached skill level 17 in Stealth
  2612 | D        | Killed a water moccasin
  2614 | D        | Killed a water moccasin
  2622 | D        | Killed an anaconda
  2624 | D        | Killed an anaconda
  2768 | D        | Noticed a water moccasin
  2768 | D        | Noticed a black mamba
  2768 | D        | Noticed a water moccasin
  2768 | D        | Noticed a water moccasin
  2770 | D        | Killed a water moccasin
  2774 | D        | Killed a water moccasin
  2775 | D        | Killed a water moccasin
  2776 | D        | Killed a black mamba
  2795 | D        | Killed a yaktaur
  2799 | D        | Noticed a black mamba
  2799 | D        | Noticed an anaconda
  2799 | D        | Noticed an anaconda
  2801 | D        | Killed an anaconda
  2804 | D        | Killed an anaconda
  2806 | D        | Killed a black mamba
  2819 | D        | Noticed a naga
  2819 | D        | Noticed a naga
  2820 | D        | Noticed a naga warrior
  2820 | D        | Noticed a greater naga
  2820 | D        | Found Ascho's Magic Scroll Shop.
  2820 | D        | Found Katrayz's Antique Weapon Shoppe.
  2820 | D        | Found Houvext's Book Boutique.
  2821 | D        | Killed a naga
  2821 | D        | Reached XP level 12. HP: 56/56 MP: 24/31
  2828 | D        | Killed a naga
  2830 | D        | Killed from afar by a greater naga

Action                   |  1- 3 |  4- 6 |  7- 9 | 10-12 || total
-------------------------+-------+-------+-------+-------++-------
Melee: Dagger            |     7 |     5 |     3 |       ||    15
       Short sword       |       |       |    79 |    58 ||   137
 Cast: Ensorcelled Hiber |     3 |     1 |    33 |    16 ||    53
       Dazzling Spray    |     1 |     6 |    18 |    10 ||    35
       Tukima's Dance    |       |       |     1 |     4 ||     5
       Confuse           |       |       |     6 |       ||     6
Invok: Shadow Step       |       |       |     1 |     9 ||    10
  Use: Potion            |       |     2 |     3 |       ||     5
       Scroll            |       |       |     1 |       ||     1
 Stab: Sleeping          |     6 |     5 |    29 |    39 ||    79
       Invisible         |     1 |       |     3 |     2 ||     6
       Confused          |       |       |     3 |       ||     3
